AoeStats
← pelikanecho314

Arena

510160502Analyzed
4v4 RM · 2d ago on Sep 29, 2026· 49m 37s· 8 players
Game mode
Random Map
Map size
Large (8 player)
Population
200
Speed
Normal
Resources
Standard
Victory
Conquest
Starting age
Dark Age
Ending age
Imperial Age
RankedLock teamsTeams togetherTeam positionsShared explorationLock speedFull tech treeHidden civsTurbo modeCheats
Victory
Defeat
🇦🇹 Malians · Austria
929
+15
🇨🇳 Bengalis · China
923
+15
🇲🇽 Varangians · Mexico
875
+17
🇬🇧 Britons · United Kingdom
852
+23
🇪🇬 Ethiopians · Egypt
919
-17
🇱🇹 Persians · Lithuania
918
-17
🇹🇷 Khmer · Türkiye
905
-16
🇨🇭 Burgundians · Switzerland
892
-16
pelikanecho314
2:21 Loom
10:34 Feudal Age
9:12 Double-Bit Axe
9:26 Horse Collar
18:09 Castle Age
16:37 Gold Mining
17:42 Bow Saw
17:34 Heavy Plow
20:37 Wheelbarrow
23:14 Husbandry
25:04 Hand Cart
29:53 Imperial Age
26:46 Cavalier
29:15 Two-Man Saw
28:52 Crop Rotation
28:47 Scale Barding Armor
29:51 Chain Barding Armor
30:54 Forging
30:59 Paladin
32:18 Plate Barding Armor
32:29 Ballistics
32:03 Stone Mining
33:03 Conscription
34:37 Gold Shaft Mining
33:41 Pikeman
34:22 Squires
34:50 Fletching
36:27 Bodkin Arrow
36:32 Padded Archer Armor
35:55 Elite Skirmisher
36:13 Light Cavalry
37:57 Chemistry
38:36 Bracer
38:52 Leather Archer Armor
48:00 Iron Casting
48:58 Hussar
Ertugrul
11:06 Feudal Age
12:39 Loom
15:22 Castle Age
13:54 Town Watch
14:15 Fletching
15:21 Padded Archer Armor
15:23 Double-Bit Axe
15:21 Horse Collar
16:31 Crossbowman
18:56 Bow Saw
23:18 Heavy Plow
24:30 Wheelbarrow
25:57 Gold Mining
26:29 Hand Cart
29:22 Imperial Age
27:28 Ballistics
27:16 Bodkin Arrow
27:23 Scale Mail Armor
27:42 Stone Mining
28:21 Hand Cart
28:31 Town Patrol
29:30 Gold Shaft Mining
29:32 Stone Shaft Mining
29:38 Thumb Ring
29:54 Leather Archer Armor
29:57 Forging
31:05 Two-Man Saw
30:31 Arbalester
32:52 Chemistry
32:07 Bracer
33:31 Caravan
34:02 Coinage
33:43 Guilds
34:24 Forging
34:30 Chain Mail Armor
34:54 Ring Archer Armor
35:45 Squires
35:16 Elite Skirmisher
37:00 Onager
38:33 Halberdier
38:58 Arson
40:34 Iron Casting
40:24 Torsion Engines
40:59 Siege Onager
42:52 Blast Furnace
44:25 Plate Mail Armor
43:48 Arson
Lucien
10:58 Feudal Age
12:42 Double-Bit Axe
17:33 Castle Age
19:53 Husbandry
29:37 Gold Mining
30:13 Bloodlines
30:07 Horse Collar
31:19 Gold Shaft Mining
33:36 Bow Saw
33:40 Scale Barding Armor
33:46 Forging
36:10 Tusk Swords
38:57 Imperial Age
36:52 Chain Barding Armor
37:07 Iron Casting
37:22 Caravan
39:46 Stone Mining
41:09 Plate Barding Armor
40:27 Heavy Scorpion
44:32 Chemistry
43:53 Ballistics
45:11 Double Crossbow
46:57 Conscription
Jammer cat
10:37 Feudal Age
11:37 Loom
12:31 Wheelbarrow
14:32 Castle Age
13:48 Double-Bit Axe
21:38 Horse Collar
22:18 Loom
24:04 Scale Mail Armor
24:12 Scale Barding Armor
24:40 Husbandry
24:51 Bloodlines
25:06 Bloodlines
25:54 Bow Saw
26:49 Forging
26:50 Heavy Plow
28:30 Chain Barding Armor
28:58 Hand Cart
28:31 Town Watch
32:02 Imperial Age
29:34 Town Patrol
31:33 Ballistics
31:10 Murder Holes
31:25 Masonry
31:28 Devotion
31:50 Cavalier
33:12 Conscription
33:05 Citadels
33:09 Gold Mining
34:12 Chain Barding Armor
34:27 Iron Casting
33:25 Savar
35:46 Plate Barding Armor
36:26 Chemistry
35:17 Heated Shot
36:01 Architecture
36:55 Fletching
38:06 Blast Furnace
38:34 Bodkin Arrow
41:57 Padded Archer Armor
Mono de Guayaba
9:52 Loom
13:30 Feudal Age
18:11 Castle Age
16:51 Double-Bit Axe
18:14 Horse Collar
19:18 Wheelbarrow
18:30 Town Watch
20:39 Bow Saw
21:17 Squires
21:03 Arson
21:04 Gambesons
27:48 Gold Mining
28:09 Heavy Plow
30:45 Hand Cart
30:58 Scale Mail Armor
31:14 Town Patrol
36:48 Chain Mail Armor
36:43 Forging
40:33 Iron Casting
44:17 Imperial Age
46:16 Plate Mail Armor
45:56 Elite Varangian Guard
46:12 Gothikon
50:02 Crop Rotation
andrewcm20
10:20 Feudal Age
11:09 Double-Bit Axe
17:07 Castle Age
17:08 Stone Mining
18:06 Wheelbarrow
18:31 Horse Collar
21:28 Heavy Plow
21:41 Bow Saw
24:07 Fletching
24:18 Padded Archer Armor
24:45 Hand Cart
24:50 Crossbowman
27:06 Forging
26:54 Bodkin Arrow
27:24 Ballistics
27:25 Gold Mining
29:26 Loom
34:50 Imperial Age
31:55 Pikeman
32:51 Forging
32:42 Scale Mail Armor
34:37 Gold Shaft Mining
36:03 Iron Casting
35:44 Leather Archer Armor
36:35 Chemistry
35:20 Arbalester
36:56 Halberdier
37:40 Bracer
38:11 Ring Archer Armor
39:31 Blast Furnace
38:23 Gambesons
38:42 Squires
38:38 Arson
46:51 Chain Mail Armor
Bantum
10:08 Feudal Age
14:13 Castle Age
13:28 Double-Bit Axe
13:30 Horse Collar
20:46 Wheelbarrow
21:19 Stone Mining
22:15 Heavy Plow
23:21 Scale Mail Armor
23:31 Forging
24:33 Hand Cart
24:04 Town Watch
24:20 Fletching
24:21 Loom
26:31 Chain Mail Armor
26:52 Iron Casting
32:23 Imperial Age
31:37 Bodkin Arrow
33:32 Scale Barding Armor
33:51 Ballistics
33:41 Masonry
33:12 Treadmill Crane
33:32 Murder Holes
33:19 Elite Gbeto
34:20 Conscription
34:37 Farimba
35:01 Chain Barding Armor
34:59 Bloodlines
35:24 Crop Rotation
35:49 Hoardings
39:18 Plate Mail Armor
39:24 Plate Barding Armor
38:12 Heavy Camel Rider
49:12 Husbandry
/?
10:07 Feudal Age
10:56 Double-Bit Axe
11:37 Town Watch
11:40 Loom
15:19 Castle Age
13:22 Double-Bit Axe
16:45 Bow Saw
18:46 Horse Collar
19:13 Town Watch
20:09 Stone Mining
22:15 Wheelbarrow
23:31 Hand Cart
24:08 Gold Mining
25:07 Ballistics
25:13 Heavy Plow
26:01 Gold Shaft Mining
26:10 Fletching
27:05 Padded Archer Armor
27:01 Bodkin Arrow
30:36 Imperial Age
29:10 Paiks
32:22 Chemistry
30:54 Elite Elephant Archer
32:29 Bracer
32:45 Leather Archer Armor
33:03 Crop Rotation
32:53 Leather Archer Armor
34:07 Conscription
35:11 Two-Man Saw
35:22 Ring Archer Armor
36:49 Husbandry
37:00 Bloodlines
41:29 Mahayana
41:29 Light Cavalry
42:44 Scale Mail Armor
42:53 Scale Barding Armor
42:49 Scale Mail Armor
43:01 Forging
48:59 Siege Elephant
Connection lost

Rejoining the realm…

Still unreachable

The connection could not be restored.

Session expired

The server has moved on; the page needs a fresh start.